 Dungeon Crawl Stone Soup version 0.31-a0-83-gbff143cfd1 (webtiles) character file.

Game seed: 14285136926150421131

170 Esekla the Covert (level 5, -1/37 HPs)
             Began as an Octopode Delver on May 25, 2023.
             Was an Initiate of Gozag.
             Slain by an orc wizard
             ... wielding a +0 dagger
              (3 damage)
             ... on level 3 of the Dungeon.
             The game lasted 00:14:48 (3664 turns).

Esekla the Covert (Octopode Delver)                 Turns: 3664, Time: 00:14:49

Health: -1/37      AC:  1    Str: 11    XL:     5   Next: 50%
Magic:  6/6        EV: 13    Int: 15    God:    Gozag
Gold:   303        SH:  5    Dex: 13    Spells: 5/5 levels left

rFire   . . .        a - +1 scimitar (drain)
rCold   . . .        (no shield)
rNeg    . . .        (helmet restricted)
rPois   .            l - amulet of reflection
rElec   .            (no ring)
rCorr   .            (no ring)
SInv    .            (no ring)
Will    .....        (no ring)
Stlth   +++++        (no ring)
HPRegen 0.26/turn    (no ring)
MPRegen 0.10/turn    (no ring)
                     (no ring)

%: reflection
@: attractive, invisible
A: almost no armour, amphibious, 8 rings, camouflage 1, gelatinous body 1,
(nimble swimmer 1), tentacles
a: Renounce Religion, Potion Petition, Call Merchant, Bribe Branch


You were on level 3 of the Dungeon.
You worshipped Gozag.
Gozag was aware of your devotion.
You visited 2 branches of the dungeon, and saw 6 of its levels.

You collected 486 gold pieces.
You spent 168 gold pieces at shops.
You paid 15 gold pieces to Gozag.

Inventory:

Hand Weapons
 a - a +1 scimitar of draining (weapon)
 s - a +0 dagger of flaming
Missiles
 j - 6 silver javelins
 o - 5 javelins (quivered)
Jewellery
 l - an amulet of reflection (around mantle)
Wands
 f - a wand of digging (3)
Scrolls
 b - 2 scrolls of fog
 c - a scroll of magic mapping
 g - 2 scrolls of amnesia {unknown}
 h - 2 scrolls of identify {unknown}
 i - a scroll of noise {unknown}
 k - 2 scrolls of vulnerability {unknown}
 m - a scroll of immolation {unknown}
 p - a scroll of brand weapon {unknown}
Potions
 e - 2 potions of haste


   Skills:
 * Level 3.7 Fighting
 + Level 0.1(1.9) Short Blades
 * Level 3.3 Long Blades
 * Level 2.5 Dodging
 + Level 8.0 Stealth
 + Level 0.1 Shields
 * Level 0.7 Spellcasting


You had 5 spell levels left.
You didn't know any spells.
Your spell library contained the following spells:

 Spells                   Type           Power      Damage    Failure   Level
 Tukima's Dance           Hex            0%         N/A       58%         3
 Portal Projectile        Hex/Tloc       0%         N/A       61%         3
 Blade Hands              Tmut           0%         N/A       100%        5


Dungeon Overview and Level Annotations

Branches:
Dungeon (5/15)             Temple (1/1) D:5

Altars:
Ashenzari
Elyvilon
Fedhas
Gozag
Hepliaklqana
Kikubaaqudgha
Nemelex Xobeh
Okawaru
Qazlal
Ru
Sif Muna
Vehumet
Xom
Yredelemnul
Zin

Shops:
D:3 (


Innate Abilities, Weirdness & Mutations

You cannot wear most types of armour.
You are amphibious.
You can wear up to eight rings at the same time.
Your skin changes colour to match your surroundings (Stealth+).
Your rubbery body absorbs attacks. (AC +1, EV +1)
((You are camouflaged when in or above water. (Stealth+)))
You have tentacles for arms and can constrict up to eight enemies at once.


Message History

The orc wizard hits you with a +0 dagger.
The hound bites you.
* * * LOW HITPOINT WARNING * * *
You climb upwards.
You feel less confused.
There is a stone staircase leading down here.
It was a potion of invisibility.
You fade into invisibility!
The hound barely misses you.
The orc wizard hits you with a +0 dagger.
* * * LOW HITPOINT WARNING * * *
It was a potion of curing.
You feel better. The hound barely misses you.
The orc wizard points at you and mumbles some strange words.
The magic dart hits you!
* * * LOW HITPOINT WARNING * * *
The hound bites you.
* * * LOW HITPOINT WARNING * * *
It was a potion of attraction.
You feel attractive to monsters. You block the hound's attack.
The orc wizard closely misses you.
Okay, then.
Okay, then.
You closely miss the orc wizard. You grab the orc wizard.
You constrict the orc wizard. The hound bites you.
* * * LOW HITPOINT WARNING * * *
You block the hound's attack. The orc wizard closely misses you.
Okay, then.
Okay, then.
As you read the scroll of fear, it crumbles to dust.
You assume a fearsome visage.
The hound looks frightened!
The orc wizard looks frightened!
You constrict the orc wizard. The orc wizard barely misses you.
The hound is attracted toward you.
You constrict the orc wizard.
The orc wizard mumbles some strange words.
The orc wizard flickers and vanishes!
Deactivating autopickup; reactivate with Ctrl-A.
The hound is attracted toward you.
You release your grip on something.
Something hits you.
You die...
Your body crumbles into a pile of gold.

##############
##########..........#..
#....{@.h§............#
#.#########.####.....#.
##########.######
#...####.....
#...............#
#.....####..#
#.########.####.#
#.#.....##### #.# #.#
#.# #.#.....##### #.#
#.# #.####.....####..#
#.# #.#
#........####..... #.#
#.# #.####.####....##.


You could see a hound (fleeing).

Vanquished Creatures
  A hound (D:5)
  Jessica (D:3)
  5 adders
  3 dart slugs
  5 orcs
  3 bats
  4 endoplasms
  2 giant cockroaches
  5 goblins
  4 hobgoblins (D:1)
  4 jackals (D:1)
  7 quokkas (D:1)
  5 ball pythons
  2 frilled lizards
  A kobold (D:3)
  4 rats
56 creatures vanquished.

Notes
Turn   | Place    | Note
-------+----------+-------------------------------------------
     0 | D:5      | Esekla the Octopode Delver began the quest for the Orb.
     0 | D:5      | Reached XP level 1. HP: 16/16 MP: 1/1
   194 | D:5      | Noticed an orc wizard
   280 | D:5      | Noticed a hound
   294 | D:5      | Killed a hound
   295 | D:5      | Reached skill level 7 in Stealth
   295 | D:5      | Reached XP level 2. HP: 14/21 MP: 2/2
   295 | D:5      | Reached XP level 3. HP: 18/26 MP: 3/3
   328 | D:5      | Found a staircase to the Ecumenical Temple.
   333 | Temple   | Entered the Ecumenical Temple
   667 | D:5      | Found a radiant altar of Vehumet.
   667 | D:5      | Found a shimmering altar of Xom.
   674 | D:5      | Found a blossoming altar of Fedhas.
   674 | D:5      | Found an opulent altar of Gozag.
   674 | D:5      | Found an ancient bone altar of Kikubaaqudgha.
   678 | D:5      | Found a broken altar of Ashenzari.
   689 | D:5      | Became a worshipper of Gozag Ym Sagoz the Greedy
  1057 | D:3      | Noticed Jessica
  1080 | D:3      | Killed Jessica
  1081 | D:3      | Reached XP level 4. HP: 20/31 MP: 4/4
  1812 | D:1      | Reached skill level 8 in Stealth
  1882 | D:1      | Reached XP level 5. HP: 35/36 MP: 6/6
  2751 | D:2      | Found an iron altar of Okawaru.
  3152 | D:3      | Found Visauleu's Antique Weapon Shoppe.
  3316 | D:3      | Bought a glowing scimitar for 168 gold pieces
  3495 | D:4      | Identified the +4 helmet of Greed {Slay+5}
  3661 | D:3      | HP: 1/37 [hound (3)]
  3664 | D:3      | Slain by an orc wizard

Illustrated notes

Levels and vault maps discovered:
D:1:      wheals_arrival_linesprint, layout_basic, minmay_misc_feat_columns,
          chequers_arboretum, wad_woods_river_04, serial_bayou_pond_c,
          serial_park_tiny_pond, minmay_tromino_v4_c
D:2:      layout_basic, basic_altar
D:3:      layout_loops_ring, serial_shops, nicolae_shop_stone,
          minmay_misc_feat_x, minmay_misc_feat_rows, st_stairs_14, uniq_jessica
D:4:      layout_loops_cross, mainiacjoe_overflow_brackets,
          mainiacjoe_overflow_alcove_1, serial_demonic, serial_demonic_g,
          serial_demonic_b, serial_demonic_d, serial_demonic_e, uniq_sigmund,
          uniq_ijyb, uniq_duvessa
D:5:      layout_layer_cave, minitemple, minmay_temple_entry_ruins
Temple:   compressed_dpeg_triangle_lava_temple

Skill      XL: |  1  2  3  4  5 |
---------------+----------------+-----
Stealth        | 7 8 |  8.0
Long Blades    | 3 |  3.3
Fighting       | |  3.7
Short Blades   | |  0.1
Dodging        | |  2.5
Shields        | |  0.1
Spellcasting   | |  0.7

Action                     |  1- 3 |  4- 6 || total
---------------------------+-------+-------++-------
  Melee: Falchion          |    23 |   105 ||   128
         Tentacles         |     4 |    32 ||    36
         Constrict         |     6 |    32 ||    38
         Dagger            |       |    13 ||    13
         Punch             |       |     1 ||     1
         Scimitar          |       |     6 ||     6
    Use: Scroll            |     1 |     1 ||     2
         Potion            |       |     3 ||     3
   Stab: Sleeping          |     4 |    17 ||    21
         Distracted        |       |     1 ||     1
 Armour: Skin              |     3 |     1 ||     4
  Dodge: Dodged            |    22 |    36 ||    58
  Block: Other             |       |    10 ||    10

Table legend: (Time is in decaauts)
 A = Elapsed time spent in this place.
 B = Non-inter-level travel time spent in this place.
 C = Inter-level travel time spent in this place.
 D = Time resting spent in this place.
 E = Time spent auto-exploring this place.
 F = Levels seen in this place.
 G = Mean time per level.
                   A        B        C        D        E       F      G
               +--------+--------+--------+--------+--------+-----+--------+
         Total |   3683 |   3399 |    284 |    152 |   1625 |   6 |  613.8 |
       Dungeon |   3396 |   3117 |    279 |    152 |   1349 |   5 |  679.2 |
        Temple |    287 |    282 |      5 |      0 |    276 |   1 |  287.0 |
               +--------+--------+--------+--------+--------+-----+--------+

Top non-repeatable levels by time:
     D:1: 1371 daAuts
     D:3: 956 daAuts
     D:2: 570 daAuts
     D:5: 425 daAuts
  Temple: 287 daAuts
     D:4: 71 daAuts
